 Dungeon Crawl Stone Soup version 0.16-a0-3997-g61da7c2 (webtiles) character file.

8 timbw the Caller (level 2, 0/11 HPs)
             Began as a Felid Summoner on Feb 13, 2015.
             Slain by a worker ant (7 damage)
             ... on level 3 of the Dungeon.
             The game lasted 00:01:18 (211 turns).

timbw the Caller (Felid Summoner)                    Turns: 211, Time: 00:01:19

Health: 0/11       AC:  1    Str:  4    XL:     2   Next: 0%
Magic:  0/6        EV: 18    Int: 16    God:
Gold:   10         SH:  0    Dex: 16    Spells: 2 memorised, 3 levels left
                                        Lives:  0   Deaths: 0

rFire  . . .     SeeInvis +     (weapon unavailable)
rCold  . . .     Clarity  .     (armour unavailable)
rNeg   . . .     SustAb   .     (shield unavailable)
rPois  .         Gourm    .     (helmet unavailable)
rElec  .         Spirit   .     (cloak unavailable)
rCorr  .         Warding  .     (gloves unavailable)
rMut   .         Stasis   .     (boots unavailable)
MR     .....                    (no amulet)
Stlth  +++.......               (no ring)
                                (no ring)

@: very slightly contaminated, quick, not resistant to hostile enchantments,
fairly stealthy
A: paw claws, no armour, no weapons or thrown items, fangs 3, see invisible,
carnivore 3, speed 1, shaggy fur 1, slow metabolism 1, sharp paws
a: no special abilities


You were on level 3 of the Dungeon.
You were not hungry.

You visited 1 branch of the dungeon, and saw 3 of its levels.

You collected 10 gold pieces.

Inventory:

Scrolls
 a - a scroll of recharging {unknown}
 e - 2 scrolls of teleportation {unknown}
 h - a scroll of identify {unknown}
Potions
 d - a potion of agility {unknown}
 f - a potion of restore abilities {unknown}
 i - a potion of might {unknown}
Books
 b - a book of Callings

   Spells                             Type                      Level
   a - Summon Small Mammal            Summoning                    1
   b - Call Imp                       Summoning                    2
   c - Call Canine Familiar           Summoning                    3
   d - Summon Guardian Golem          Hexes/Summoning              4
   e - Summon Lightning Spire         Summoning/Air                4
   f - Summon Ice Beast               Ice/Summoning                4
Comestibles
 c - a meat ration
 g - 3 chunks of flesh


   Skills:
 - Level 2.6 Dodging
 - Level 2.6 Stealth
 + Level 2.5 Spellcasting
 + Level 4.0 Summonings


You had 3 spell levels left.
You knew the following spells:

 Your Spells              Type           Power        Failure   Level  Hunger
a - Summon Small Mammal   Summ           ###.         4%          1    #......
b - Call Imp              Summ           ###.....     8%          2    ##.....


Dungeon Overview and Level Annotations

Branches:
Dungeon (3/15)

Altars:


Innate Abilities, Weirdness & Mutations

You cannot wear armour.
You are incapable of wielding weapons or throwing items.
You have razor-sharp teeth.
You have supernaturally acute eyesight.
You are carnivorous and can eat meat at any time.
You cover ground quickly.
You are covered in fur (AC +1).
You have a slow metabolism.
Your paws have sharp claws that are effective at stabbing.


Message History

Your white imp gestures at the worker ant.
The puff of frost hits the worker ant.
Your crimson imp blinks!
The bat barely misses you. The bat hits you.
The bat hits you but does no damage.
Casting: Call Imp
Confirm with . or Enter, or press ? or * to list all spells.
You miscast Call Imp.
You are very lightly contaminated with residual magic.
Shadowy shapes form in the air around you, then vanish.
The bat completely misses you. The bat closely misses you. The bat hits you.
You scratch the bat.
The bat begins to bleed from its wounds!
The bat is severely wounded.
The bat hits you but does no damage.
Your crimson imp blinks!
The worker ant bites you!
Ouch! That really hurt!
You die...

#..÷..###..#
#.........#
#.......####
#.......##.# ..
#..........#
....#.....#...##
..........#5..#..#
.........ba.....#
....(.##..@....#..#
l...#.#......§..#...
....# #....5....# #.
#..S##.......##
#......#.....#
#........##...#
#.......## ##.
#....#...#
#....#...#


You could see a worker ant, a bat (bleeding), a friendly crimson imp and a
friendly white imp.

Vanquished Creatures
  An orc (D:3)
  A bat (D:3)
  A kobold (D:2)
3 creatures vanquished.

Vanquished Creatures (collateral kills)
  A hobgoblin (D:2)
  2 kobolds (D:2)
  A giant newt (D:2)
  2 goblins
  A rat (D:2)
7 creatures vanquished.

Vanquished Creatures (others)
  2 bats (D:2)
  2 rats
4 creatures vanquished.

Grand Total: 14 creatures vanquished

Notes
Turn   | Place    | Note
--------------------------------------------------------------
     0 | D:1      | timbw, the Felid Summoner, began the quest for the Orb.
     0 | D:1      | Reached XP level 1. HP: 7/7 MP: 4/4
   176 | D:3      | Reached XP level 2. HP: 9/11 MP: 3/6
   181 | D:3      | Learned a level 2 spell: Call Imp
   192 | D:3      | Noticed a worker ant
   211 | D:3      | Slain by a worker ant

Action                   || total
-------------------------++-------
Melee: Unarmed           ||    12
 Cast: Summon Small Mamm ||    10
       Call Imp          ||     2
